Map: Frozen Temple

Players

NeverLucky - Winner!

  • Race: Zerg Zerg
  • League: Master

Miszu

  • Race: Terran Terran
  • League: Grandmaster

VOD

Have the link to the VOD?

Description

Time

  • Played on: May 26, 2016, 1:55 p.m.
  • Length: 13:59
Show
View Real Time Build Order
Export as new Build Order

NeverLucky Zerg - Winner!

Build Orders: Hatch First 

Get SALT Encoding   

  12  0:04  Drone  
  13  0:13  Overlord  
  13  0:18  Drone  
  14  0:32  Drone x2  
  16  0:37  Drone  
  17  0:52  Hatchery  
  17  0:56  Drone  
  17  0:59  Drone  
  17  1:01  Extractor  
  17  1:09  Drone  
  18  1:18  Spawning Pool  
  17  1:21  Drone  
  18  1:30  Drone  
  19  1:41  Drone  
  20  1:51  Overlord  
  20  2:02  Drone  
  20  2:04  Metabolic Boost, Queen  
  20  2:05  Queen  
  20  2:07  Zergling x2  
  26  2:13  Zergling x2  
  27  2:16  Drone  
  28  2:24  Drone  
  28  2:28  Drone  
  30  2:36  Drone  
  31  2:38  Overlord  
  31  2:40  Queen  
  31  2:42  Queen  
  35  2:47  Drone  
  36  2:58  Overlord, Drone x2  
  38  3:07  Drone  
  38  3:09  Drone  
  40  3:14  Overlord  
  40  3:27  Drone x2  
  40  3:28  Drone x3  
  40  3:31  Drone  
  40  3:33  Extractor  
  45  3:40  Hatchery  
  44  3:42  Queen  
  44  3:43  Drone x2  
  44  3:46  Baneling Nest  
  44  3:47  Overlord  
  47  3:56  Drone x3  
  50  4:11  Drone x4  
  50  4:12  Drone x2  
  55  4:18  Zergling x2  
  56  4:26  Drone  
  56  4:27  Evolution Chamber  
  56  4:28  Evolution Chamber  
  55  4:34  Drone x2  
  55  4:35  Drone x3  
  60  4:45  Overlord x2  
  60  5:02  Lair, Zerg Ground Armor Level 1  
  60  5:03  Zerg Melee Weapons Level 1  
  60  5:04  Drone x3  
  60  5:05  Extractor, Drone x2  
  60  5:06  Drone x3  
  67  5:08  Zergling x2, Baneling x4  
  67  5:09  Zergling x4  
  70  5:25  Drone x3  
  73  5:29  Drone  
  73  5:31  Hatchery  
  73  5:32  Drone  
  73  5:33  Drone  
  73  5:34  Drone x3  
  73  5:35  Zergling x4, Hatchery  
  79  5:37  Extractor, Queen  
  80  5:48  Overlord  
  80  5:49  Overlord  
  80  6:03  Drone  
  80  6:04  Infestation Pit, Centrifical Hooks  
  81  6:05  Zergling x4  
  81  6:06  Zergling x16  
  81  6:07  Overlord  
  89  6:25  Drone x2  
  91  6:27  Spore Crawler  
  91  6:31  Extractor, Drone  
  91  6:32  Extractor  
  89  6:34  Drone x3  
  89  6:35  Drone x3  
  89  6:39  Overseer  
  95  6:47  Queen  
  95  6:48  Drone x8  
  95  6:53  Pathogen Glands  
  105  6:54  Hive  
  105  6:55  Zergling x8  
  105  6:58  Baneling x9  
  106  7:13  Zergling x2  
  106  7:14  Zergling x20  
  108  7:19  Zergling x4  
  102  7:23  Zergling x6  
  102  7:26  Zerg Ground Armor Level 2  
  102  7:27  Zerg Melee Weapons Level 2  
  105  7:33  Zergling x10  
  110  7:39  Spine Crawler  
  110  7:42  Zergling x2  
  110  7:43  Zergling x4  
  109  7:45  Baneling x7  
  109  7:46  Zergling x4  
  109  7:48  Zergling x12  
  117  7:53  Spine Crawler  
  117  7:55  Baneling x7  
  117  7:56  Baneling x3  
  117  7:57  Zergling x4  
  118  7:59  Overlord x4  
  116  8:06  Zergling x6  
  111  8:17  Zergling x16  
  111  8:18  Zergling x8  
  110  8:22  Zergling x6  
  110  8:26  Adrenal Glands  
  106  8:27  Ultralisk Cavern  
  106  8:32  Baneling x4  
  106  8:33  Zergling x14  
  105  8:43  Baneling  
  105  8:44  Baneling x18  
  105  8:46  Zergling x2, Spine Crawler  
  105  8:47  Zergling x8  
  109  8:53  Extractor  
  109  8:54  Extractor, Zergling x10  
  106  9:14  Chitinous Plating  
  106  9:15  Ultralisk  
  106  9:16  Ultralisk  
  118  9:21  Baneling x3  
  118  9:22  Zergling x18, Baneling  
  118  9:23  Zergling x10  
  125  9:34  Ultralisk  
  125  9:36  Zergling x10  
  115  9:43  Ultralisk  
  119  9:48  Zergling x8  
  119  9:51  Zergling x2  
  119  9:52  Zergling x6  
  120  9:56  Zergling x4  
  120  9:57  Zergling x4  
  115  10:02  Zerg Melee Weapons Level 3  
  114  10:10  Zergling x14  
  114  10:13  Infestor  
  116  10:20  Infestor x3  
  114  10:27  Zergling x12  
  114  10:28  Zergling x2  
  118  10:35  Zerg Ground Armor Level 3  
  118  10:42  Infestor  
  111  10:44  Zergling x12  
  111  10:46  Drone x2  
  118  10:53  Ultralisk  
  122  11:02  Zergling x16  
  123  11:16  Zergling x14  
  122  11:22  Queen x3  
  128  11:25  Zergling x2  
  128  11:26  Zergling x4  
  131  11:33  Overlord x3  
  131  11:46  Hatchery  
  130  11:47  Extractor  
  130  11:48  Overlord  
  130  11:49  Overlord x2  
  130  11:52  Infestor  
  130  11:54  Infestor  
  131  11:57  Infestor  
  131  12:00  Infestor  
  137  12:16  Infestor x5  
  137  12:19  Neural Parasite  
  137  12:22  Zergling x2  
  148  12:25  Overseer  
  148  12:33  Zergling x12  
  154  12:47  Spire  
  153  12:52  Ultralisk  
  157  13:03  Ultralisk  
  163  13:14  Ultralisk  
  161  13:29  Zergling x4  
  161  13:30  Zergling x20  
Show
View Real Time Build Order
Export as new Build Order

Miszu Terran 

Build Orders: Reaper Expand, MMM Bio 

Get SALT Encoding   

  12  0:00  SCV  
  13  0:13  SCV  
  14  0:18  Supply Depot  
  14  0:25  SCV  
  15  0:40  SCV  
  15  0:41  Barracks  
  16  0:45  Refinery  
  16  0:52  SCV  
  17  1:04  SCV  
  18  1:16  SCV  
  19  1:28  Orbital Command  
  19  1:29  Reaper  
  20  1:41  Command Center  
  20  1:51  Supply Depot  
  20  1:54  SCV  
  21  2:01  Marine  
  21  2:06  SCV  
  23  2:14  Factory  
  23  2:18  SCV  
  24  2:27  Barracks Reactor  
  24  2:30  SCV  
  25  2:41  Command Center  
  25  2:42  SCV  
  26  2:52  Orbital Command  
  26  2:54  SCV  
  27  3:06  SCV  
  27  3:10  Barracks Tech Lab  
  27  3:12  Hellion x2  
  32  3:16  Barracks  
  32  3:18  SCV  
  32  3:19  SCV  
  34  3:30  Stimpack, SCV  
  34  3:31  SCV  
  35  3:43  SCV x2  
  37  3:51  Marine, Barracks, Refinery, Factory Reactor  
  37  3:53  Orbital Command  
  37  3:55  SCV  
  39  4:02  SCV  
  40  4:07  SCV  
  40  4:08  Marine  
  42  4:12  Marine  
  42  4:13  Marine  
  42  4:14  SCV  
  45  4:19  SCV  
  45  4:22  Orbital Command  
  46  4:26  Marine, SCV  
  46  4:27  Engineering Bay x2  
  46  4:28  Supply Depot  
  46  4:29  Refinery  
  46  4:30  Refinery, Marine  
  46  4:31  SCV  
  50  4:32  Starport  
  50  4:36  Marine  
  51  4:38  SCV  
  51  4:39  Factory Reactor  
  51  4:42  Supply Depot  
  51  4:44  Marine  
  53  4:46  Marine x2  
  53  4:48  Marine  
  53  4:49  SCV  
  53  4:51  SCV  
  58  4:54  Marine, SCV  
  58  4:57  Terran Infantry Armor Level 1  
  58  4:59  Terran Infantry Weapons Level 1  
  60  5:01  SCV  
  60  5:02  Marine  
  60  5:04  Supply Depot, Marine x2, SCV  
  65  5:08  SCV  
  65  5:12  Marine x2  
  65  5:13  SCV  
  69  5:16  SCV  
  70  5:22  Barracks x2  
  70  5:23  SCV  
  70  5:27  Factory Reactor  
  70  5:28  Supply Depot  
  71  5:30  Supply Depot  
  71  5:32  SCV  
  71  5:33  SCV  
  73  5:36  Combat Shields  
  73  5:41  SCV  
  73  5:42  Medivac  
  76  5:43  Medivac  
  76  5:46  SCV  
  76  5:47  SCV  
  80  5:53  Supply Depot, SCV  
  80  5:55  Marine x3  
  84  5:58  SCV  
  84  6:01  SCV  
  84  6:02  Bunker  
  86  6:05  SCV  
  86  6:09  Marine  
  86  6:10  Barracks Reactor x2, SCV  
  89  6:14  SCV  
  89  6:17  SCV  
  91  6:20  Marine  
  91  6:21  Marine  
  91  6:22  Marine x2, SCV  
  91  6:23  Bunker  
  96  6:26  SCV  
  96  6:29  SCV  
  96  6:32  Armory  
  98  6:38  Barracks  
  98  6:39  Barracks x2  
  98  6:43  Marine x3, Marauder  
  103  6:55  Supply Depot x2  
  103  6:56  Supply Depot, Marine x5  
  103  6:57  Concussive Shells  
  103  7:01  Marine  
  109  7:10  Marine, Marauder  
  105  7:19  Marine  
  105  7:20  Marine x6  
  100  7:26  Widow Mine  
  100  7:27  Marine  
  100  7:29  Barracks Tech Lab x3  
  103  7:30  Medivac x2  
  103  7:31  Marine  
  103  7:33  Barracks  
  103  7:34  Barracks  
  108  7:37  Marine  
  108  7:38  Marine x3  
  108  7:43  Marine  
  108  7:44  Marine x2  
  108  7:45  Marine  
  108  7:47  Marine  
  108  7:48  Marauder x2  
  108  7:49  Marauder  
  108  7:50  Terran Infantry Armor Level 2, Terran Infantry Weapons Level 2  
  118  7:55  Marine  
  118  7:56  Marine x3  
  122  8:00  Medivac x2  
  124  8:11  Marauder  
  103  8:20  Marauder  
  103  8:23  Marauder  
  103  8:26  Marine  
  103  8:27  Marine x10  
  95  8:30  Medivac  
  95  8:32  Marine  
  95  8:33  Medivac  
  109  8:38  Command Center  
  109  8:40  Supply Depot  
  109  8:41  Marine  
  109  8:44  Marine x8  
  109  8:45  Marine, Marauder  
  109  8:46  Barracks Tech Lab  
  109  8:47  Barracks Tech Lab  
  121  8:49  Marine  
  121  8:56  SCV  
  121  8:59  Marine  
  121  9:00  Medivac  
  121  9:02  Marine x2  
  117  9:03  Marauder  
  117  9:07  Marine, Marauder  
  117  9:08  Marine x7, Marauder  
  130  9:16  Marine  
  131  9:19  Marine  
  131  9:20  Marine  
  131  9:23  Marine  
  134  9:25  Marine  
  134  9:26  Marine x6  
  141  9:32  Marine x2, Marauder  
  141  9:35  Marauder  
  141  9:37  Marine  
  141  9:38  Marine  
  132  9:40  Medivac x2  
  132  9:42  Marauder  
  132  9:43  Marine  
  132  9:44  Marine x2  
  141  9:45  Marine  
  141  9:49  Marine x3  
  141  9:50  Marauder x2  
  140  9:54  Marauder  
  140  9:59  Marauder  
  138  10:00  Marine  
  138  10:01  Marine  
  138  10:02  Marine  
  138  10:03  Marauder  
  141  10:08  Marauder  
  141  10:11  Marine x3, Marauder  
  141  10:12  Marine x2, Medivac x2, Marauder  
  152  10:15  Marauder  
  152  10:18  Marine  
  152  10:19  Marine  
  152  10:20  Marine  
  156  10:28  Starport  
  156  10:35  Marine  
  156  10:36  Marine  
  156  10:37  Marine x2  
  156  10:40  Marine, Marauder  
  156  10:42  Medivac  
  156  10:50  Marauder  
  156  11:00  Medivac, Marauder x3  
  156  11:01  Marauder x2  
  148  11:04  Marine  
  148  11:05  Marine x7  
  156  11:15  Marauder, Liberator x2  
  132  11:21  Marauder x3  
  132  11:22  Marine x2, Marauder  
  143  11:37  Marauder  
  146  11:40  Marauder  
  146  11:42  Marauder  
  146  11:43  Marauder x3  
  156  12:05  Sensor Tower  
  156  12:11  Refinery  
  156  12:12  Refinery  
  156  12:16  Marauder  
  156  12:18  Planetary Fortress  
  156  12:19  Liberator  
  156  12:26  Refinery  
  156  12:27  Liberator  
  156  12:36  Supply Depot, Marine x3, Marauder  
  164  12:37  Supply Depot  
  164  12:41  Command Center, Marine, Marauder  
  167  12:49  Ghost Academy  
  170  12:53  Marauder  
  170  12:55  Marine, Liberator  
  170  12:57  Marine x6  
  170  12:58  Marauder  
  180  12:59  Marine x4  
  180  13:02  Marine  
Tags
 
Add a new tag
Caveats
  • Supply blocks, unpowered buildings, or Contaminate may cause inaccurate times.
  • Supply counts are checked every 10 seconds.